[Event "Titled Tuesday Blitz March 28 Early 2023"]
[White "Iskusnyh, Sergei"]
[Black "Floresvillar Gonzalez, Luis Migu"]
[WhiteFideId "4120027"]
[BlackFideId "5100542"]
[WhiteElo "2492"]
[BlackElo "2040"]
[Result "1-0"]
[Round "09"]
[TimeControl "180+2"]
[Date "2023.03.28"]
[WhiteClock "0:01:44"]
[BlackClock "0:01:30"]

1. d4 e6 2. c4 Be7 3. g3 Nf6 4. Bg2 c6 5. Nf3 d5 6. O-O O-O 7. Qc2 Re8 8. Nbd2 Nbd7 9. e4 dxe4 10. Nxe4 Qc7 11. Bf4 Qb6 12. c5 Qa5 13. Nd6 Bxd6 14. Bxd6 b6 15. a3 bxc5 16. dxc5 Ba6 17. b4 Qd8 18. Rfd1 Nd5 19. Nd4 Rc8 20. Qa4 Bb5 21. Nxb5 cxb5 22. Qxa7 Ra8 23. Qb7 Nc3 24. Qxa8 Qxa8 25. Bxa8 Nxd1 26. Bc6 1-0


[Site "https://www.chess.com"]

[Event "Titled Tuesday Blitz March 28 Early 2023"]
[White "Akhmetov, Ayan"]
[Black "Abrosimov, Vladimir"]
[WhiteFideId "13703706"]
[BlackFideId "4166892"]
[WhiteElo "2398"]
[BlackElo "2336"]
[Result "1-0"]
[Round "09"]
[TimeControl "180+2"]
[Date "2023.03.28"]
[WhiteClock "0:01:07"]
[BlackClock "0:01:31"]

1. Nf3 d5 2. g3 c6 3. Bg2 Nf6 4. c4 Bf5 5. O-O e6 6. cxd5 e5 7. Nxe5 cxd5 8. Nc3 Bd6 9. d4 Bxe5 10. dxe5 Ne4 11. Nxd5 O-O 12. Qb3 Qd7 13. Rd1 Qe6 14. Nc7 Qxb3 15. axb3 Nc6 16. Nxa8 Rxa8 17. g4 Bg6 18. f4 f5 19. Bxe4 fxe4 20. f5 Bf7 21. e6 Be8 22. Bf4 a6 23. Rd2 h5 24. g5 Ne7 25. f6 gxf6 26. gxf6 Ng6 27. f7+ Bxf7 28. exf7+ Kxf7 29. Be3 Ne5 30. Rf1+ Ke6 31. h3 b5 32. Rd4 Rg8+ 33. Kh2 a5 34. Rxe4 Kd5 35. Rd4+ Ke6 36. Bf4 Nc6 37. Rd6+ Kf5 38. Rxc6 Ke4 39. Re6+ Kd5 40. Re5+ Kd4 41. Rd1# 1-0


[Site "https://www.chess.com"]

[Event "Titled Tuesday Blitz March 28 Early 2023"]
[White "Vemparala, Nikash"]
[Black "Cella, Glaucio Dalla Cortt"]
[WhiteFideId "30960967"]
[BlackFideId "2119455"]
[WhiteElo "2023"]
[BlackElo "2011"]
[Result "0-1"]
[Round "09"]
[TimeControl "180+2"]
[Date "2023.03.28"]
[WhiteClock "0:00:02"]
[BlackClock "0:00:15"]

1. e4 c5 2. Nf3 e6 3. g3 Nc6 4. Bg2 d5 5. exd5 exd5 6. d4 cxd4 7. Nxd4 Bc5 8. Be3 Qb6 9. Nf5 Bxf5 10. Qxd5 Bxe3 11. Qxf5 Nge7 12. Qf3 Nd4 13. Qxb7 Nxc2+ 14. Kd1 Qd6+ 15. Kxc2 Rb8 16. Qe4 Qf6 17. Qa4+ Kf8 18. Nc3 Qxf2+ 19. Kd3 Qd2+ 20. Ke4 f5+ 21. Ke5 Qxb2 22. Qc4 Ng6+ 23. Kxf5 Qf2+ 24. Kg4 Ne5+ 0-1


[Site "https://www.chess.com"]

[Event "Titled Tuesday Blitz March 28 Early 2023"]
[White "Georg, Heinz"]
[Black "Avazkhonov, Alikhon"]
[WhiteFideId "4607295"]
[BlackFideId "14208504"]
[WhiteElo "2229"]
[BlackElo "1739"]
[Result "0-1"]
[Round "09"]
[TimeControl "180+2"]
[Date "2023.03.28"]
[WhiteClock "0:00:04"]
[BlackClock "0:00:08"]

1. e4 c5 2. Nf3 d6 3. Bb5+ Nd7 4. O-O a6 5. Be2 Ngf6 6. d3 e6 7. h3 Be7 8. Be3 O-O 9. Nc3 b5 10. a3 Bb7 11. Re1 d5 12. exd5 exd5 13. d4 b4 14. axb4 cxb4 15. Na4 Ne4 16. Bd3 Nb6 17. Ne5 Bd6 18. Bxe4 Nxa4 19. Bxh7+ Kxh7 20. Qh5+ Kg8 21. Rxa4 Qc7 22. Re2 Rfe8 23. f4 f6 24. Ng6 Re4 25. Ra1 Rae8 26. Rae1 a5 27. Qh8+ Kf7 28. Qh5 Ba6 29. Ne5+ Ke7 30. Qf7+ Kd8 31. Qxc7+ Kxc7 32. Rd2 fxe5 33. dxe5 Rxe3 34. Rxe3 Bc5 35. Kf2 Bxe3+ 36. Kxe3 Kc6 37. Kd4 Rf8 38. g3 Bc8 39. h4 Rh8 40. Rf2 Rf8 41. Re2 Be6 42. Rg2 Bg4 43. Rd2 g6 44. Ke3 Rd8 45. Rd4 Rd7 46. c3 Kc5 47. cxb4+ axb4 48. b3 Ra7 49. Rd3 Ra3 50. e6 Bxe6 51. f5 Bxf5 52. Rd4 Rxb3+ 53. Kf4 Kxd4 54. g4 Be4 55. h5 Rf3+ 56. Kg5 gxh5 57. gxh5 b3 0-1


[Site "https://www.chess.com"]

[Event "Titled Tuesday Blitz March 28 Early 2023"]
[White "Barria Santos, Jose Guilherme"]
[Black "Novikova, Galina"]
[WhiteFideId "1939300"]
[BlackFideId "4157095"]
[WhiteElo "2301"]
[BlackElo "1953"]
[Result "0-1"]
[Round "09"]
[TimeControl "180+2"]
[Date "2023.03.28"]
[WhiteClock "0:00:14"]
[BlackClock "0:00:40"]

1. d4 e6 2. c4 f5 3. Nf3 Nf6 4. Bg5 Be7 5. e3 O-O 6. Bd3 d6 7. Nbd2 Nc6 8. a3 e5 9. dxe5 dxe5 10. Bc2 Qe8 11. Bxf6 Bxf6 12. e4 Nd4 13. O-O Nxc2 14. Qxc2 Qg6 15. c5 f4 16. Rfd1 Bg4 17. Qb3+ Kh8 18. Qxb7 Rab8 19. Qxc7 Rxb2 20. Nxe5 Bxe5 21. Qxe5 Rc2 22. f3 Bh3 23. g3 fxg3 24. Qxg3 Qh5 25. Rac1 Rxc5 26. Rxc5 Qxc5+ 27. Kh1 Be6 28. Rg1 Rg8 29. Nf1 Qxa3 30. Nd2 a5 31. e5 a4 32. Ne4 Qe7 33. Ra1 a3 34. Nd6 a2 35. Qg2 Rb8 36. Ne4 Rb1+ 0-1


[Site "https://www.chess.com"]

[Event "Titled Tuesday Blitz March 28 Early 2023"]
[White "Bongo Akanga Ndjila, Barthelemy"]
[Black "Gronnestad, Anita"]
[WhiteFideId "10609431"]
[BlackFideId "1502972"]
[WhiteElo "1768"]
[BlackElo "1939"]
[Result "1-0"]
[Round "09"]
[TimeControl "180+2"]
[Date "2023.03.28"]
[WhiteClock "0:00:08"]
[BlackClock "0:00:13"]

1. d4 d5 2. c4 e6 3. Nc3 Nf6 4. cxd5 exd5 5. Bg5 Be7 6. e3 O-O 7. Qc2 Nbd7 8. Bd3 Re8 9. Nf3 Nf8 10. O-O g6 11. Bxf6 Bxf6 12. b4 Ne6 13. Rab1 Ng7 14. a4 Bf5 15. Bxf5 Nxf5 16. Qb3 c6 17. b5 Qd6 18. h3 Rac8 19. Rfd1 Bg7 20. a5 Qe7 21. a6 Nxe3 22. axb7 Nxd1 23. bxc8=Q Rxc8 24. Rxd1 cxb5 25. Nxd5 Qd6 26. Qxb5 Rb8 27. Qa5 Rd8 28. Ne3 a6 29. d5 h6 30. Nd4 Rb8 31. Nc6 Ra8 32. Nc4 Qf4 33. Nb6 Re8 34. Qxa6 g5 35. d6 Be5 36. g3 Qf3 37. Rd3 Qxc6 38. d7 Rd8 39. Qa7 Bc7 40. Nd5 Rxd7 41. Qd4 Rxd5 42. Qxd5 Qc1+ 43. Kg2 Bb6 44. Qe4 Qc5 45. Rf3 Kg7 46. Qf5 Qc7 47. Qf6+ Kg8 48. Qxh6 Qe7 49. Qf6 Qc7 50. Qxg5+ Kf8 51. Qh6+ Ke7 52. Qg5+ Ke8 53. Qg8+ Ke7 54. Rxf7+ Kd6 55. Rxc7 Kxc7 56. Qf7+ Kc6 57. Qf3+ Kc5 58. Qe3+ Kd6 59. Qxb6+ Kd5 60. h4 Ke5 61. h5 Kf5 62. h6 Kg5 63. h7 Kg4 64. h8=Q Kg5 65. Qh4+ Kf5 66. Qb5+ Ke6 67. Qh6+ Kf7 68. Qb7+ Kg8 69. Qhg7# 1-0


[Site "https://www.chess.com"]

[Event "Titled Tuesday Blitz March 28 Early 2023"]
[White "Kornyukov, Alexey"]
[Black "Sarkar, Justin"]
[WhiteFideId "4150457"]
[BlackFideId "2010011"]
[WhiteElo "2352"]
[BlackElo "2189"]
[Result "0-1"]
[Round "09"]
[TimeControl "180+2"]
[Date "2023.03.28"]
[WhiteClock "0:00:19"]
[BlackClock "0:00:06"]

1. e4 c5 2. Nf3 Nc6 3. Bc4 e6 4. O-O Nf6 5. d3 d5 6. exd5 exd5 7. Bb5 Bd7 8. Re1+ Be7 9. Bg5 O-O 10. Nc3 a6 11. Bxc6 Bxc6 12. Ne5 Be8 13. Qf3 d4 14. Ne4 Nxe4 15. Bxe7 Qxe7 16. Rxe4 Qc7 17. Rae1 f6 18. Nc4 Bc6 19. Qf4 Qxf4 20. Rxf4 Rae8 21. Rxe8 Rxe8 22. Kf1 b5 23. Nd6 Re6 24. Ne4 Re5 25. f3 Kf7 26. h4 Ke6 27. Nd2 g5 28. hxg5 fxg5 29. Rg4 h5 30. Rg3 Kf5 31. Ne4 Kf4 32. Rh3 h4 33. Kf2 c4 34. Rh1 b4 35. dxc4 Bxe4 36. fxe4 Rxe4 37. Rd1 g4 38. c5 g3+ 39. Kf1 Ke5 40. Rd3 Kd5 41. c3 bxc3 42. bxc3 Kxc5 43. cxd4+ Rxd4 44. Ra3 Kb5 45. Ke2 Rb4 46. Kf3 a5 47. Re3 a4 48. Rd3 Rb2 49. Rd5+ Kc4 50. Rh5 Rf2+ 51. Ke3 Rxg2 52. Rxh4+ Kb5 53. Kf3 Rxa2 54. Kxg3 a3 55. Rh8 Rc2 56. Rb8+ Kc4 57. Ra8 Kb3 58. Rb8+ Kc3 59. Rc8+ Kb2 60. Rb8+ Kc1 61. Ra8 a2 62. Kf3 Kb1 63. Rb8+ Rb2 64. Ra8 a1=Q 65. Rxa1+ Kxa1 66. Ke3 Ka2 67. Kd3 Kb3 68. Kd4 Kb4 69. Kd3 Ra2 70. Ke3 Rc2 71. Kd3 Rc4 72. Ke3 Kc3 73. Ke2 Kd4 74. Kf3 Rc2 75. Kg3 Ke4 76. Kg4 Rg2+ 77. Kh3 Kf3 78. Kh4 Kf4 79. Kh3 Rf2 80. Kh4 Rh2# 0-1


[Site "https://www.chess.com"]

[Event "Titled Tuesday Blitz March 28 Early 2023"]
[White "dDobravcan"]
[Black "Ardila, Oscar Humberto"]
[BlackFideId "4404742"]
[WhiteElo "2149"]
[BlackElo "1911"]
[Result "0-1"]
[Round "09"]
[TimeControl "180+2"]
[Date "2023.03.28"]
[WhiteClock "0:00:01"]
[BlackClock "0:01:41"]

1. e4 e5 2. Nf3 Nf6 3. d3 Nc6 4. c3 Be7 5. Be2 d6 6. O-O O-O 7. a4 a5 8. Nbd2 h6 9. Re1 Re8 10. h3 Bf8 11. Bf1 g6 12. d4 Bg7 13. d5 Nb8 14. Nc4 Nbd7 15. b4 b6 16. Qc2 Nh5 17. Kh2 Nf4 18. g3 Nh5 19. Na3 Nf8 20. Nb5 f5 21. exf5 gxf5 22. Nh4 e4 23. Nd4 Bxd4 24. cxd4 Qf6 25. Qe2 Ng7 26. Be3 axb4 27. Reb1 Rxa4 28. Rxa4 Bd7 29. Ra7 Bc8 30. Rxc7 Qd8 31. Rbc1 Bd7 32. Qc4 Qf6 33. Qxb4 f4 34. Bxf4 e3 35. fxe3 Nf5 36. Nxf5 Qxf5 37. Qxd6 Ra8 38. g4 Ra2+ 39. Kg3 Qe4 40. Rxd7 Qh1 0-1


[Site "https://www.chess.com"]

[Event "Titled Tuesday Blitz March 28 Early 2023"]
[White "Sanchez, German"]
[Black "Orujov2008"]
[WhiteFideId "4403959"]
[WhiteElo "1816"]
[BlackElo "2279"]
[Result "0-1"]
[Round "09"]
[TimeControl "180+2"]
[Date "2023.03.28"]
[WhiteClock "0:00:03"]
[BlackClock "0:01:21"]

1. e4 e5 2. d4 exd4 3. c3 dxc3 4. Bc4 d6 5. Qb3 Be6 6. Bxe6 fxe6 7. Qxe6+ Be7 8. Nxc3 Nf6 9. Bg5 Qd7 10. Qb3 Qc6 11. Nf3 Nbd7 12. O-O Nc5 13. Qc4 O-O-O 14. Nd4 Qb6 15. Bxf6 Bxf6 16. Nd5 Qa6 17. Nxf6 Qxc4 18. Ne6 Qxe6 0-1


[Site "https://www.chess.com"]

[Event "Titled Tuesday Blitz March 28 Early 2023"]
[White "Kriti Mayur Patel"]
[Black "Karthik Sai Ch"]
[WhiteFideId "35061780"]
[BlackFideId "46649484"]
[WhiteElo "1306"]
[BlackElo "2003"]
[Result "0-1"]
[Round "09"]
[TimeControl "180+2"]
[Date "2023.03.28"]
[WhiteClock "0:00:17"]
[BlackClock "0:00:31"]

1. e4 c6 2. d4 d5 3. exd5 cxd5 4. Bd3 Nc6 5. c3 Qc7 6. h3 g6 7. Nf3 Nf6 8. O-O Bf5 9. Bg5 Bg7 10. Bh4 O-O 11. Bxf5 gxf5 12. Qd3 Ne4 13. Nbd2 e6 14. Rae1 Qf4 15. Qe3 Bh6 16. Qxf4 Bxf4 17. Nxe4 fxe4 18. Nh2 f5 19. g3 Bd6 20. Kh1 Kf7 21. g4 f4 22. f3 e3 23. g5 Kg6 24. Ng4 Kh5 25. Nf6+ Kxh4 26. Rg1 Rxf6 27. Rg4+ Kh5 28. gxf6 Rf8 29. Reg1 Rxf6 30. Rg7 Kh6 31. Rxb7 Rg6 32. Rd7 Bf8 33. Rc7 Na5 34. Rxa7 Nc4 35. Re1 Rg3 36. Ra6 Rxh3+ 37. Kg2 Rg3+ 38. Kh2 Rxf3 39. Rxe6+ Kg5 40. b3 Nd2 41. Re5+ Kh4 42. Rxd5 Rf2+ 43. Kg1 Nf3+ 44. Kh1 Rh2# 0-1


[Site "https://www.chess.com"]

[Event "Titled Tuesday Blitz March 28 Early 2023"]
[White "Estremera Panos, Sergio"]
[Black "Semenova, Alina"]
[WhiteFideId "2200864"]
[BlackFideId "24113875"]
[WhiteElo "2253"]
[BlackElo "1833"]
[Result "1-0"]
[Round "09"]
[TimeControl "180+2"]
[Date "2023.03.28"]
[WhiteClock "0:00:55"]
[BlackClock "0:00:08"]

1. d4 d5 2. c4 e6 3. Nc3 Nf6 4. cxd5 exd5 5. Bg5 Be7 6. e3 O-O 7. Bd3 h6 8. Bh4 c6 9. Qc2 Nbd7 10. Nf3 b6 11. O-O Bb7 12. Rae1 c5 13. Bg3 Re8 14. Nb5 Ne4 15. Bxe4 dxe4 16. Nd2 Bh4 17. Bxh4 Qxh4 18. Nd6 Ba6 19. Nxe8 Bxf1 20. Rxf1 Rxe8 21. d5 f5 22. Nc4 Nf6 23. Rd1 f4 24. exf4 Qxf4 25. Ne3 Nd7 26. d6 Rf8 27. Nd5 Qxd6 28. Qxe4 Qe5 29. Ne7+ Kf7 30. Qb7 Rd8 31. Nc6 Qe2 32. Nxd8+ Kg8 33. Qxd7 1-0


[Site "https://www.chess.com"]

[Event "Titled Tuesday Blitz March 28 Early 2023"]
[White "Schut, Han"]
[Black "Prado, Alexandra"]
[WhiteFideId "1005561"]
[BlackFideId "3301346"]
[WhiteElo "2024"]
[BlackElo "1759"]
[Result "1-0"]
[Round "09"]
[TimeControl "180+2"]
[Date "2023.03.28"]
[WhiteClock "0:00:58"]
[BlackClock "0:00:01"]

1. e4 c5 2. Nf3 Nc6 3. d4 cxd4 4. Nxd4 g6 5. c4 Bg7 6. Be3 Nf6 7. Nc3 O-O 8. Be2 d6 9. O-O Bd7 10. f3 Nxd4 11. Bxd4 Bc6 12. Qd2 Nd7 13. Be3 a5 14. b3 Nb6 15. Rab1 f5 16. exf5 Rxf5 17. Rfc1 Be5 18. Bd3 Rh5 19. g3 Bxf3 20. Qf2 Bg4 21. Bxb6 Qd7 22. Be3 Rf8 23. Qd2 Bf3 24. Be4 Qh3 25. Bxf3 Rxf3 26. Bf4 Bxf4 27. gxf4 Qg4+ 28. Qg2 Qxf4 29. Nd5 Qd4+ 30. Kh1 1-0


[Site "https://www.chess.com"]

[Event "Titled Tuesday Blitz March 28 Early 2023"]
[White "Lauridsen, Jesper Morch"]
[Black "Hirneise, Jens"]
[WhiteFideId "1401890"]
[BlackFideId "24614734"]
[WhiteElo "2231"]
[BlackElo "2345"]
[Result "0-1"]
[Round "09"]
[TimeControl "180+2"]
[Date "2023.03.28"]
[WhiteClock "0:00:33"]
[BlackClock "0:01:13"]

1. f4 e5 2. e4 d5 3. exd5 c6 4. dxc6 Nxc6 5. Bb5 Bc5 6. Nf3 e4 7. Ne5 Ne7 8. Nc3 O-O 9. Bxc6 Nxc6 10. Nxc6 bxc6 11. Qe2 Re8 12. b4 Bxb4 13. Bb2 e3 14. O-O-O Qa5 15. Kb1 Ba6 16. Qg4 Ba3 17. Qg5 Qb4 18. Na4 Bxb2 19. Nxb2 Rab8 0-1


[Site "https://www.chess.com"]

[Event "Titled Tuesday Blitz March 28 Early 2023"]
[White "Bashirli, Saadat"]
[Black "Garrido, Denis"]
[WhiteFideId "13429990"]
[BlackFideId "601217"]
[WhiteElo "1408"]
[BlackElo "2271"]
[Result "1-0"]
[Round "09"]
[TimeControl "180+2"]
[Date "2023.03.28"]
[WhiteClock "0:00:07"]
[BlackClock "0:00:08"]

1. e4 e5 2. Nf3 Nc6 3. Bc4 Nf6 4. d3 Bc5 5. c3 a6 6. O-O Ba7 7. Nbd2 d6 8. Bb3 O-O 9. Re1 Ng4 10. Re2 Kh8 11. h3 Nh6 12. Nf1 f5 13. Bxh6 gxh6 14. exf5 Bxf5 15. Ng3 Bxh3 16. Nxe5 Nxe5 17. gxh3 Qh4 18. Kg2 Rf3 19. d4 Ng6 20. Kxf3 Rf8+ 21. Ke3 Qf4+ 22. Kd3 c5 23. Qd2 Qf6 24. Kc2 cxd4 25. Rd1 Nf4 26. Re4 Qg6 27. Kc1 Nxh3 28. cxd4 Nxf2 29. Rf1 Qxg3 30. Re3 Qg2 31. Rfe1 Rc8+ 32. Bc2 Qg7 33. Qxf2 Rf8 34. Qxf8+ Qxf8 35. Re8 Kg7 36. Rxf8 Kxf8 37. d5 Bd4 38. Rf1+ Ke7 39. Bxh7 Be5 40. Be4 h5 41. Rh1 Kd7 42. Rxh5 Kc7 43. Rh7+ Kb6 44. Kc2 a5 45. b3 Kc5 46. a3 b6 47. Rb7 b5 48. Bd3 b4 49. axb4+ axb4 50. Rb5+ Kd4 51. Rxb4+ Kxd5 52. Be4+ Kc5 53. Rc4+ Kb5 54. Bc6+ Kb6 55. Ba4 Bd4 56. Rxd4 1-0


[Site "https://www.chess.com"]

[Event "Titled Tuesday Blitz March 28 Early 2023"]
[White "Rose, Felix"]
[Black "Clawitter, Craig"]
[WhiteFideId "5105722"]
[BlackFideId "2023105"]
[WhiteElo "2039"]
[BlackElo "2235"]
[Result "1-0"]
[Round "09"]
[TimeControl "180+2"]
[Date "2023.03.28"]
[WhiteClock "0:00:23"]
[BlackClock "0:00:06"]

1. e4 e6 2. d4 d5 3. Nc3 Bb4 4. exd5 exd5 5. Bd3 Nf6 6. Ne2 O-O 7. O-O Re8 8. Ng3 c6 9. Nh5 Nbd7 10. h3 Nxh5 11. Qxh5 Nf6 12. Qh4 Be7 13. Bg5 h6 14. Bf4 Ne4 15. Qh5 Bg5 16. Be5 Bf5 17. Nxe4 dxe4 18. Bc4 Qd7 19. f4 g6 20. Qe2 Be7 21. g4 Be6 22. Bxe6 Qxe6 23. Qxe4 Rad8 24. f5 Qd5 25. Qd3 1-0


[Site "https://www.chess.com"]

[Event "Titled Tuesday Blitz March 28 Early 2023"]
[White "rionelG"]
[Black "dorpato"]
[WhiteElo "2216"]
[BlackElo "2036"]
[Result "1-0"]
[Round "09"]
[TimeControl "180+2"]
[Date "2023.03.28"]
[WhiteClock "0:00:54"]
[BlackClock "0:00:12"]

1. e4 c5 2. g3 g6 3. Bg2 Bg7 4. Ne2 Nc6 5. c3 d6 6. d4 cxd4 7. cxd4 Nf6 8. Nbc3 O-O 9. h3 e6 10. O-O d5 11. e5 Nd7 12. Be3 f6 13. exf6 Nxf6 14. Qd2 Na5 15. b3 b6 16. Rac1 Bb7 17. Nf4 Qd7 18. Rfe1 Rfe8 19. Nd3 Nc6 20. Ne2 Rac8 21. Nb4 Nxb4 22. Qxb4 Rc7 23. Bf4 Rc6 24. Rxc6 Bxc6 25. Be5 Nh5 26. Bxg7 Nxg7 27. g4 Qf7 28. Qd2 Rf8 29. f4 h6 30. a4 g5 31. fxg5 Qf2+ 32. Kh1 hxg5 33. Rf1 Qg3 34. Nxg3 1-0


[Site "https://www.chess.com"]

[Event "Titled Tuesday Blitz March 28 Early 2023"]
[White "Better_Chess_Faster"]
[Black "Ciuffoletti, Paolo"]
[BlackFideId "807630"]
[WhiteElo "1984"]
[BlackElo "2143"]
[Result "1/2-1/2"]
[Round "09"]
[TimeControl "180+2"]
[Date "2023.03.28"]
[WhiteClock "0:01:15"]
[BlackClock "0:00:05"]

1. c4 g6 2. g3 Bg7 3. Bg2 d6 4. Nc3 e5 5. e4 c6 6. Nge2 f5 7. d3 Nf6 8. Be3 O-O 9. h3 Be6 10. exf5 gxf5 11. Qd2 Rf7 12. b3 Nbd7 13. d4 Nf8 14. d5 cxd5 15. Nxd5 Ng6 16. Bg5 Kh8 17. O-O e4 18. Nef4 Nxf4 19. Nxf4 Qd7 20. Rad1 Ne8 21. Nd5 Bxd5 22. Qxd5 Rc8 23. Bf4 Rd8 24. Rfe1 Bf6 25. a4 b6 26. Be3 Nc7 27. Qd2 Be5 28. Bd4 Ne6 29. Bxe5+ dxe5 30. Qc3 Qxd1 31. Qxe5+ Kg8 32. Rxd1 Rxd1+ 33. Kh2 Nd4 34. Qe8+ Kg7 35. Qe5+ Kg8 36. Qe8+ Kg7 37. Qe5+ Kg8 1/2-1/2


[Site "https://www.chess.com"]

[Event "Titled Tuesday Blitz March 28 Early 2023"]
[White "Aanna12"]
[Black "Vargas, Mauricio"]
[BlackFideId "4404572"]
[WhiteElo "2189"]
[BlackElo "2025"]
[Result "1-0"]
[Round "09"]
[TimeControl "180+2"]
[Date "2023.03.28"]
[WhiteClock "0:01:33"]
[BlackClock "0:00:01"]

1. e4 c5 2. Nf3 d6 3. d3 g6 4. g3 Bg7 5. Bg2 Nf6 6. O-O e5 7. c3 O-O 8. a3 b6 9. b4 Nc6 10. Nbd2 Bg4 11. h3 Bd7 12. Nc4 Qe7 13. b5 Nd8 14. a4 Ne6 15. Bb2 Rfd8 16. Nfd2 Nh5 17. Ne3 Rf8 18. Nd5 Qd8 19. Nc4 Qb8 20. Qb3 Kh8 21. a5 bxa5 22. Rxa5 f5 23. exf5 gxf5 24. b6 1-0


[Site "https://www.chess.com"]

[Event "Titled Tuesday Blitz March 28 Early 2023"]
[White "Tarnowska, Aleksandra"]
[Black "Lohani, Sujana"]
[WhiteFideId "1180967"]
[BlackFideId "12311987"]
[WhiteElo "1776"]
[BlackElo "1718"]
[Result "1-0"]
[Round "09"]
[TimeControl "180+2"]
[Date "2023.03.28"]
[WhiteClock "0:00:59"]
[BlackClock "0:00:02"]

1. e4 c5 2. Nf3 g6 3. c3 Bg7 4. d4 cxd4 5. cxd4 d6 6. Nc3 Nf6 7. Bc4 O-O 8. O-O Nc6 9. d5 Na5 10. Bd3 Bg4 11. h3 Bxf3 12. Qxf3 b6 13. Bg5 Nb7 14. Qe3 Nc5 15. Bc2 Rc8 16. Rac1 Qd7 17. Kh1 e6 18. Bh6 exd5 19. Bxg7 Kxg7 20. exd5 Rfe8 21. Qf3 Qe7 22. Rfe1 Qxe1+ 23. Rxe1 Rxe1+ 24. Kh2 Rce8 25. Qg3 R8e5 26. h4 1-0


[Site "https://www.chess.com"]

[Event "Titled Tuesday Blitz March 28 Early 2023"]
[White "Nan, M K Khine Hlyan"]
[Black "Sanchez, Robert"]
[WhiteFideId "13002899"]
[BlackFideId "2034360"]
[WhiteElo "1943"]
[BlackElo "2133"]
[Result "1-0"]
[Round "09"]
[TimeControl "180+2"]
[Date "2023.03.28"]
[WhiteClock "0:02:26"]
[BlackClock "0:02:48"]

1. e4 e6 2. Nf3 c5 3. d4 cxd4 4. Nxd4 a6 5. Be2 Qc7 6. O-O Nf6 7. Nc3 b5 8. a3 Bb7 9. f3 d6 10. Kh1 Nbd7 11. Nb3 Be7 12. Be3 O-O 13. Qe1 Ne5 14. Qf2 Nc4 15. Bg5 Nxb2 16. Rab1 Qc4 1-0


[Site "https://www.chess.com"]

[Event "Titled Tuesday Blitz March 28 Early 2023"]
[White "Jaivardhan Raj"]
[Black "Necula, Iulian"]
[WhiteFideId "25744437"]
[BlackFideId "1232380"]
[WhiteElo "1772"]
[BlackElo "1790"]
[Result "1-0"]
[Round "09"]
[TimeControl "180+2"]
[Date "2023.03.28"]
[WhiteClock "0:00:30"]
[BlackClock "0:00:12"]

1. e4 d6 2. d4 Nf6 3. Nc3 e5 4. dxe5 dxe5 5. Qxd8+ Kxd8 6. Nf3 Bd6 7. Ng5 Ke7 8. Bc4 Be6 9. Bb3 h6 10. Nf3 Nbd7 11. Be3 a6 12. O-O-O g5 13. h3 b5 14. Bd5 Bxd5 15. Nxd5+ Nxd5 16. exd5 f5 17. Rhe1 f4 18. Bd2 Kf6 19. Bc3 Rae8 20. Nd2 Kf5 21. g4+ Kg6 22. Ne4 Re7 23. f3 Rhe8 24. Nxd6 cxd6 25. Bb4 Nc5 26. Bxc5 dxc5 27. d6 Rd7 28. Rd5 Re6 29. Rxc5 Rexd6 30. Rcxe5 Kf6 31. R5e4 Rc7 32. Kb1 Rdc6 33. c3 a5 34. Re5 Rb7 35. Rf5+ Kg6 36. Ree5 Rcb6 37. Re8 Kg7 38. Rfe5 b4 39. c4 a4 40. Rd5 Rc6 41. b3 a3 42. Re4 Rf6 43. c5 Rc6 44. Rc4 Rb5 45. Kc2 Kf6 46. Kd3 Ke6 47. Kd4 Rb7 48. Re5+ Kf6 49. Ke4 Rb5 50. Rd5 Re6+ 51. Kd4 Rc6 52. Rf5+ Kg6 53. Kd5 Rc8 54. Kd6 Rb7 55. c6 Rb6 56. Kd7 Rg8 57. Re5 Rg7+ 58. Re7 Rg8 59. c7 Rb7 60. Re8 Rg7+ 61. Kd8 Ra7 62. c8=Q 1-0


[Site "https://www.chess.com"]

[Event "Titled Tuesday Blitz March 28 Early 2023"]
[White "Cnejev, Vladimir-Alexandru"]
[Black "Hartikainen, Jarmo"]
[WhiteFideId "1260898"]
[BlackFideId "503134"]
[WhiteElo "2132"]
[BlackElo "2137"]
[Result "1-0"]
[Round "09"]
[TimeControl "180+2"]
[Date "2023.03.28"]
[WhiteClock "0:00:16"]
[BlackClock "0:00:04"]

1. e4 c5 2. Nf3 Nc6 3. c3 d5 4. exd5 Qxd5 5. d4 cxd4 6. cxd4 Bg4 7. Be2 e6 8. Nc3 Qa5 9. O-O Nf6 10. Be3 Be7 11. h3 Bh5 12. Qb3 Qb4 13. Qxb4 Nxb4 14. Ne5 Bxe2 15. Nxe2 O-O 16. a3 Nc2 17. Rac1 Rac8 18. Bg5 h6 19. Bxf6 Bxf6 20. Nd7 Rfd8 21. Nxf6+ gxf6 22. Kh2 e5 23. Rfd1 Nxd4 24. Rxc8 Rxc8 25. Nxd4 Rd8 26. Kg3 f5 27. Kf3 Kh7 28. Rc1 exd4 29. Ke2 Rd7 30. Kd3 Kg6 31. Rc4 f6 32. Rxd4 Re7 33. Kd2 b6 34. h4 Kh5 35. g3 Rc7 36. a4 Rc5 37. Kd3 Kg6 38. Rd7 a5 39. Rd6 f4 40. Rxb6 fxg3 41. fxg3 Kf5 42. Rb5 Rxb5 43. axb5 Ke6 44. Ke4 Kd6 45. Kf5 Kc5 46. g4 Kxb5 47. Kxf6 Kb4 48. g5 Kb3 49. gxh6 Kxb2 50. h7 a4 51. h8=Q a3 52. Qb8+ Kc2 53. h5 a2 54. Qe5 Kb1 55. h6 a1=Q 56. Qxa1+ Kxa1 57. h7 Kb2 58. h8=Q Kc3 59. Qh4 Kd3 60. Ke5 Kc3 61. Qe4 Kb3 62. Qd4 Kc2 63. Kd5 Kb3 64. Kc5 Ka3 65. Qc4 Kb2 66. Qd3 Kc1 67. Kc4 Kb2 68. Qc3+ Kb1 69. Qd2 Ka1 70. Kb3 Kb1 71. Qb2# 1-0


[Site "https://www.chess.com"]

[Event "Titled Tuesday Blitz March 28 Early 2023"]
[White "Vachier-Lagrave, Maxime"]
[Black "Dubov, Daniil"]
[WhiteFideId "623539"]
[BlackFideId "24126055"]
[WhiteElo "2740"]
[BlackElo "2802"]
[Result "0-1"]
[Round "10"]
[TimeControl "180+2"]
[Date "2023.03.28"]
[WhiteClock "0:01:23"]
[BlackClock "0:01:07"]

1. e4 e5 2. Nf3 Nc6 3. Bb5 a6 4. Ba4 Nf6 5. O-O Be7 6. Re1 b5 7. Bb3 O-O 8. a4 Rb8 9. axb5 axb5 10. Nc3 d6 11. d3 h6 12. Ne2 Re8 13. Ng3 Bf8 14. c3 b4 15. Qc2 bxc3 16. bxc3 Bg4 17. Nd2 d5 18. Ndf1 Be6 19. Ba4 Bd7 20. Bd2 Ne7 21. Ne3 Bxa4 22. Rxa4 Ng6 23. Nxd5 Nxd5 24. exd5 Qxd5 25. Be3 Ra8 26. Rxa8 Rxa8 27. c4 Qc6 28. d4 exd4 29. Bxd4 Ra4 30. Nf5 Rxc4 31. Qd3 Nf4 32. Qg3 Ne2+ 0-1


[Site "https://www.chess.com"]

[Event "Titled Tuesday Blitz March 28 Early 2023"]
[White "Bortnyk, Olexandr"]
[Black "Giri, Anish"]
[WhiteFideId "14120828"]
[BlackFideId "24116068"]
[WhiteElo "2734"]
[BlackElo "2807"]
[Result "1-0"]
[Round "10"]
[TimeControl "180+2"]
[Date "2023.03.28"]
[WhiteClock "0:01:33"]
[BlackClock "0:00:33"]

1. d4 Nf6 2. Nc3 d5 3. Bf4 g6 4. e3 Bg7 5. h4 h5 6. Nf3 O-O 7. Ne5 c5 8. Qd2 Nc6 9. f3 cxd4 10. exd4 Bf5 11. Bb5 Rc8 12. Bxc6 bxc6 13. Na4 Nd7 14. Nxd7 Qxd7 15. Nc5 Qd8 16. O-O-O Qb6 17. g4 hxg4 18. h5 e5 19. Bh6 Rb8 20. Nb3 Qb4 21. c3 Qa4 22. Bxg7 Qxa2 23. Qh6 f6 24. hxg6 Qb1+ 25. Kd2 Qxb2+ 26. Ke1 Qxc3+ 27. Nd2 1-0


[Site "https://www.chess.com"]